 Dungeon Crawl Stone Soup version 0.28-a0-1339-ga5422284a4 (webtiles) character file.

Game seed: 10629624387075907146

12337 oldriver the Thaumaturge (level 11, -28/52 HPs)
             Began as a Felid Summoner on Dec 29, 2021.
             Was an Initiate of Gozag.
             Shot with a bolt by an orc knight (32 damage)
             ... on level 2 of the Orcish Mines.
             The game lasted 01:03:04 (22779 turns).

oldriver the Thaumaturge (Felid Summoner)          Turns: 22779, Time: 01:03:05

Health: -28/52     AC:  3    Str:  4    XL:     11   Next: 61%
Magic:  30/30      EV: 18    Int: 31    God:    Gozag
Gold:   1087       SH:  0    Dex: 20    Spells: 4/38 levels left
                                        Lives:  0   Deaths: 2

rFire   + . .      SeeInvis +   (weapon unavailable)
rCold   + . .      Faith    .   (shield unavailable)
rNeg    . . .      Spirit   .   (armour unavailable)
rPois   .          Reflect  .   (helmet unavailable)
rElec   .          Harm     .   (cloak unavailable)
rCorr   .          Rampage  .   (gloves unavailable)
Will    ++++.                   (boots unavailable)
Stlth   +++.......              j - amulet "Bompufro" {RegenMP Fragile Will+++ Int+3 Dex+4}
HPRegen 0.17/turn               E - ring of protection from fire
MPRegen 0.62/turn               F - +6 ring of intelligence

@: quick
A: very small, claws 1, fangs 3, see invisible, speed 1, shaggy fur 3, stealthy
paws, no weapons or thrown items, no armour, multi-lived
a: Renounce Religion, Potion Petition, Call Merchant, Bribe Branch


You were on level 2 of the Orcish Mines.
You worshipped Gozag.
Gozag was most pleased with you.
You visited 4 branches of the dungeon, and saw 17 of its levels.
You also visited: Bailey.

You collected 3516 gold pieces.
You spent 1230 gold pieces at shops.
You paid 1199 gold pieces to Gozag.

Inventory:

Jewellery
 g - a ring of fire
 j - the amulet "Bompufro" (around neck) {RegenMP Fragile Will+++ Int+3 Dex+4}
   (You acquired it on level 6 of the Dungeon)

   [amulet of magic regeneration]

   It increases your rate of magic regeneration.
   Int:       It affects your intelligence (+3).
   Dex:       It affects your dexterity (+4).
   Fragile:   It will be destroyed if unequipped.
   Will:      It greatly increases your willpower.
 p - an amulet of reflection
 x - a +6 ring of strength
 E - a ring of protection from fire (left paw)
 F - a +6 ring of intelligence (right paw)
 H - an amulet of magic regeneration
Wands
 l - a wand of paralysis (5)
 r - a wand of acid (41)
 s - a wand of mindburst (17)
 u - a wand of flame (11)
 D - a wand of charming (6)
 G - a wand of iceblast (8)
Scrolls
 a - 4 scrolls of enchant armour
 b - a scroll of enchant weapon
 c - 2 scrolls of amnesia
 f - a scroll of immolation
 h - 7 scrolls of fog
 q - 8 scrolls of teleportation
 t - 4 scrolls of magic mapping
 y - a scroll of identify
 B - a scroll of fear
 I - a scroll of torment {unknown}
Potions
 d - 2 potions of berserk rage
 e - 2 potions of attraction
 i - a potion of brilliance
 k - 4 potions of mutation
 m - 3 potions of heal wounds
 n - 3 potions of might
 o - 7 potions of curing
 v - a potion of invisibility
 w - 2 potions of lignification
 z - a potion of magic
 A - 2 potions of cancellation
 C - 2 potions of flight {unknown}


   Skills:
 * Level 8.5 Fighting
 + Level 3.4 Dodging
 + Level 5.0 Stealth
 + Level 0.6 Unarmed Combat
 * Level 14.2 Spellcasting
 * Level 10.3 Hexes
 + Level 11.7 Summonings
 * Level 5.1 Translocations
 * Level 6.2 Air Magic


You had 4 spell levels left.
You knew the following spells:

 Your Spells              Type           Power      Damage    Failure   Level
a - Summon Small Mammal   Summ           100%       N/A       1%          1
b - Call Imp              Summ           76%        N/A       1%          2
c - Call Canine Familiar  Summ           76%        N/A       1%          3
d - Summon Guardian Gole  Hex/Summ       74%        N/A       1%          3
e - Summon Lightning Spi  Summ/Air       67%        N/A       1%          4
f - Summon Mana Viper     Hex/Summ       74%        N/A       1%          5
g - Monstrous Menagerie   Summ           38%        N/A       14%         7
h - Malign Gateway        Summ/Tloc      32%        N/A       50%         7
i - Blink                 Tloc           100%       N/A       1%          2

Your spell library contained the following spells:

 Spells                   Type           Power      Damage    Failure   Level
 Gell's Gravitas          Tloc           52%        N/A       1%          3
 Teleport Other           Tloc           52%        N/A       1%          3
 Summon Ice Beast         Ice/Summ       55%        N/A       1%          4
 Freeze                   Ice            88%        1d10      2%          1
 Frozen Ramparts          Ice            44%        1d6       6%          3
 Hailstorm                Conj/Ice       22%        3d7       22%         4
 Ice Form                 Ice/Tmut       22%        N/A       22%         4
 Dispersal                Tloc           26%        N/A       36%         6
 Iron Shot                Conj/Erth      11%        9d3       97%         6
 Polar Vortex             Ice            11%        N/A       100%        9


Dungeon Overview and Level Annotations

Branches:
Dungeon (12/15)            Temple (1/1) D:4            Lair (2/6) D:11
 Shoals (0/4) Lair:2          Orc (2/2) D:12         Bailey (visited)
  Swamp: Lair:2-4     Snake: Lair:2-4    Spider: Lair:2-4       Elf: Orc:2

Altars:
Ashenzari
Cheibriados
Dithmenos
Elyvilon
Fedhas
Gozag
Hepliaklqana
Kikubaaqudgha
Makhleb
Nemelex Xobeh
Okawaru
Qazlal
Ru
Sif Muna
Trog
Uskayaw
Vehumet
Wu Jian
Xom
Yredelemnul
Zin
The Shining One

Shops:
D:10 :   Orc:2 [

Annotations:
D:6 2 transporters, bearlyready's ghost, novice DjFE


Innate Abilities, Weirdness & Mutations

You have sharp claws.
You have razor-sharp teeth.
You have supernaturally acute eyesight. (SInv)
You cover ground quickly. (Speed+)
Your thick and shaggy fur keeps you warm. (AC +3, rC+)
Your paws help you pounce on unaware monsters.
You are incapable of wielding weapons or throwing items.
You cannot wear armour.
You gain extra lives every three experience levels.


Message History

You hear a shout! x2
An orc comes into view. It is wielding a +0 flail.
Your surroundings suddenly seem different. 4 orc warriors, an orc knight and a centaur come into view.
The orc warrior shouts! x2; You hear a shout! x3
The orc moves out of view.
An orc comes into view. It is wielding a +0 mace.
An orc warrior comes into view. It is wielding a +0 glaive.
The orc warrior shouts! x2; The centaur shouts!
You scratch the orc.
The orc is heavily wounded.
The orc knight roars a battlecry!
The orc warriors go into a battle-frenzy!
An orc comes into view. It is wielding a +0 trident.
An orc warrior comes into view. It is wielding a +0 glaive.
The orc warrior unwields a +0 glaive.
The orc warrior wields a +0 arbalest.
The orc warrior shoots a bolt.
The bolt hits you!!
An orc warrior comes into view.
It is wielding a +0 hand axe and quivering boomerangs of dispersal.
The orc warrior unwields a +0 battleaxe.
The orc warrior wields a +0 arbalest.
The orc warrior shoots a bolt.
The bolt hits you!
* * * LOW HITPOINT WARNING * * *
The centaur wields a +0 shortbow.
The centaur shoots an arrow.
The arrow completely misses you. The orc hits you but does no damage.
The orc unwields a +0 trident.
The orc wields a +0 arbalest.
The orc shoots a bolt.
The bolt hits you.
* * * LOW HITPOINT WARNING * * *
You hear a shout!
The centaur shoots an arrow.
The arrow hits you.
* * * LOW HITPOINT WARNING * * *
The orc completely misses you.
The orc warrior shoots a bolt.
The bolt closely misses you. The orc completely misses you.
Unknown command.
An orc knight comes into view. It is wielding a +0 broad axe.
The orc knight unwields a +0 broad axe.
The orc knight wields a +0 arbalest.
The orc knight shoots a bolt.
The bolt hits you!!
Ouch! That really hurt!
You die...
Your body crumbles into a pile of gold.

## #####.######
...........##
........o...##
##..##.o##.@.#
.........##..#
..........#..#
≈≈..o.c.......#
≈≈≈≈.o....#..##
#≈≈≈≈oo...#...#
o........o.....#
....o.........o#
# ≈≈≈≈.....#.
... #


You could see an orc knight and an orc warrior (strong).

Vanquished Creatures
  A blink frog (Lair:1)
  2 giant cockroaches
  4 goblins
  2 quokkas
  2 ball pythons (D:2)
  5 bats
  2 kobolds
  3 rats
21 creatures vanquished.

Vanquished Creatures (collateral kills)
  A sphinx (D:12)
  A vault guard (Bailey)
  4 hydras
  A two-headed ogre (D:12)
  Erica (D:10)
  Nergalle (Lair:2)
  A necromancer (Lair:2)
  An orc knight (D:12)
  An ugly thing (D:12)
  A deep elf zephyrmancer (D:12)
  3 orc sorcerers
  2 cyclopes (D:12)
  6 elephants (Lair:2)
  A merfolk siren (Lair:2)
  2 centaur zombies (D:11)
  3 cane toads (Lair:1)
  A rime drake (Lair:2)
  A kobold demonologist (D:12)
  3 unseen horrors
  A yaktaur (D:12)
  An efreet (D:12)
  A tengu conjurer (D:12)
  4 komodo dragons
  A troll (D:10)
  Prince Ribbit (Bailey)
  12 blink frogs
  Grinder (D:3)
  Sigmund (D:3)
  A wyvern (D:9)
  2 wraiths (D:12)
  2 shadows (D:12)
  2 vampires
  9 yaks (D:10)
  6 humans (Bailey)
  A basilisk (D:12)
  Grum (D:11)
  2 vampire mosquitoes (D:12)
  Menkaure (D:7)
  2 wargs (Orc:2)
  2 acid dragons (D:11)
  3 water moccasins
  A swamp drake (D:12)
  2 black bears
  9 orc warriors
  An ice beast (D:6)
  A sky beast (D:3)
  7 ogres
  3 centaurs
  4 wolves (D:11)
  A phantom (D:6)
  2 kobold brigands (D:9)
  12 bullfrogs
  2 wyvern zombies
  2 scorpions
  A water moccasin zombie (D:5)
  A water moccasin skeleton (D:4)
  A nameless horror (Bailey)
  6 howler monkeys
  2 electric eels (Lair:2)
  A hound (D:7)
  5 jellies
  Crazy Yiuf (D:3)
  7 orc priests
  A gnoll shaman (D:9)
  A bullfrog skeleton (D:4)
  Natasha (D:2)
  21 orc wizards
  2 hell rats (D:8)
  3 polar bear simulacra (Lair:2)
  2 yak simulacra (Lair:2)
  A killer bee zombie (D:8)
  2 wolf simulacra (Lair:2)
  A howler monkey skeleton (D:4)
  11 gnolls
  17 river rats (D:8)
  11 adders
  2 white imps
  4 worms (D:2)
  3 dart slugs
  54 orcs
  3 bats
  10 endoplasms
  4 giant cockroaches
  8 goblins
  4 hobgoblins
  8 jackals
  2 quokkas
  11 ball pythons
  3 frilled lizards
  19 kobolds
  2 rats
  4 river rat simulacra (Lair:2)
  A butterfly (D:4)
380 creatures vanquished.

Vanquished Creatures (others)
  A hydra (D:12)
  A vault guard (Bailey)
  A death knight (D:12)
  A two-headed ogre (D:12)
  Sonja (D:10)
  Urug (D:10)
  A gargoyle (D:10)
  Maggie (D:7)
  2 trolls (D:10)
  2 humans (Bailey)
  A water moccasin (D:6)
  4 orc warriors
  An ogre (D:6)
  2 centaurs
  3 bullfrogs (Bailey)
  A scorpion (D:6)
  A howler monkey (D:7)
  5 orc wizards
  A river rat (D:8)
  A white imp (D:6)
  4 orcs
  5 fungi
  4 plants
45 creatures vanquished.

Grand Total: 446 creatures vanquished

Notes
Turn   | Place    | Note
-------+----------+-------------------------------------------
     0 | D:1      | oldriver the Felid Summoner began the quest for the Orb.
     0 | D:1      | Reached XP level 1. HP: 7/7 MP: 4/4
   599 | D:1      | Reached XP level 2. HP: 11/11 MP: 3/6
  1439 | D:2      | Learned a level 2 spell: Call Imp
  1616 | D:2      | Reached XP level 3. HP: 11/15 MP: 2/8
  1799 | D:2      | Reached skill level 3 in Spellcasting
  1853 | D:2      | Noticed Natasha
  2114 | D:2      | Reached XP level 4. HP: 18/18 MP: 5/9
  2626 | D:2      | Reached skill level 1 in Fighting
  2640 | D:2      | Killed Natasha
  2817 | D:2      | Reached XP level 5. HP: 22/22 MP: 7/11
  3058 | D:3      | Learned a level 3 spell: Call Canine Familiar
  3068 | D:3      | Noticed Grinder
  3427 | D:3      | Found a snail-covered altar of Cheibriados.
  3485 | D:3      | Noticed a sky beast
  3593 | D:3      | Killed a sky beast
  3594 | D:3      | Reached skill level 4 in Spellcasting
  3594 | D:3      | Reached skill level 5 in Summonings
  4039 | D:3      | Gained mutation: You are covered in thick fur. (AC +2)
                  | [Felid growth]
  4039 | D:3      | Reached XP level 6. HP: 26/26 MP: 13/13
  4127 | D:3      | Noticed Sigmund
  4152 | D:3      | Killed Sigmund
  4153 | D:3      | Reached skill level 5 in Spellcasting
  4461 | D:3      | Paralysed by Grinder for 4 turns
  4486 | D:3      | Killed Grinder
  4487 | D:3      | Reached XP level 7. HP: 17/30 MP: 7/16
  4727 | D:3      | Learned a level 3 spell: Summon Guardian Golem
  5393 | D:3      | Found a runed translucent door.
  5394 | D:3      | Noticed Crazy Yiuf
  5628 | D:3      | Killed Crazy Yiuf
  5834 | D:4      | Reached skill level 1 in Hexes
  6210 | D:4      | Reached skill level 6 in Spellcasting
  6796 | D:4      | Identified the +1 ring mail "Cil Biq" {+Blink Str+3 Stlth+}
  6952 | D:4      | Found a staircase to the Ecumenical Temple.
  7182 | Temple   | Entered the Ecumenical Temple
  7426 | Temple   | Became a worshipper of Gozag Ym Sagoz the Greedy
  7531 | D:5      | Entered Level 5 of the Dungeon
  7788 | D:5      | Reached XP level 8. HP: 34/34 MP: 10/18
  8055 | D:5      | Found an ancient bone altar of Kikubaaqudgha.
  8337 | D:6      | Identified the +6 rapier of Wysaamoj {vorpal, Int+6}
  8736 | D:6      | Reached skill level 7 in Spellcasting
  9393 | D:6      | Noticed a troll
  9394 | D:6      | Noticed bearlyready's ghost (novice DjFE)
  9399 | D:6      | Found a transporter.
  9407 | D:6      | Found a transporter.
  9449 | D:6      | Found a radiant altar of Vehumet.
  9966 | D:6      | Reached XP level 9. HP: 39/39 MP: 10/21
 10070 | D:6      | Found a stormy altar of Qazlal.
 10249 | D:6      | Identified a scroll of acquirement
 10249 | D:6      | Acquired the amulet "Bompufro" {RegenMP Fragile Will+++
                  | Int+3 Dex+4}
 10262 | D:6      | Learned a level 4 spell: Summon Lightning Spire
 10323 | D:7      | Noticed Menkaure
 10337 | D:7      | Killed Menkaure
 10338 | D:7      | Reached skill level 8 in Spellcasting
 10372 | D:7      | Found a broken altar of Ashenzari.
 10530 | D:7      | Noticed Maggie
 10558 | D:7      | Killed Maggie
 10559 | D:7      | Reached skill level 1 in Air Magic
 11485 | D:8      | Found the +2 ratskin cloak {*Rats rPois rN+ Str-1 Int-1
                  | Dex+1}
 11748 | D:8      | Reached skill level 9 in Spellcasting
 12727 | D:9      | Reached skill level 5 in Fighting
 12727 | D:9      | Reached XP level 10. HP: 44/44 MP: 19/24
 12837 | D:10     | Entered Level 10 of the Dungeon
 12838 | D:10     | Noticed Urug
 12910 | D:10     | Noticed Erica
 12930 | D:10     | Killed Erica
 12994 | D:10     | Reached skill level 10 in Spellcasting
 13065 | D:10     | Found a flagged portal.
 13074 | Bailey   | Entered a bailey
 13227 | Bailey   | Reached skill level 5 in Hexes
 13376 | Bailey   | Noticed Prince Ribbit
 13376 | Bailey   | Noticed a vault guard
 13482 | Bailey   | Killed Prince Ribbit
 13497 | Bailey   | Killed a vault guard
 13498 | Bailey   | Reached XP level 11. HP: 48/48 MP: 13/26
 13534 | Bailey   | Noticed a vault guard
 13556 | Bailey   | Killed a vault guard
 13557 | Bailey   | Reached skill level 11 in Spellcasting
 13760 | D:10     | Killed Urug
 14014 | D:10     | Noticed Sonja
 14024 | D:10     | Killed Sonja
 14962 | D:10     | Bought a book of Beasts for 570 gold pieces
 14968 | D:10     | Learned a level 5 spell: Summon Mana Viper
 14996 | D:11     | Noticed a centaur warrior
 14998 | D:11     | Noticed a tengu warrior
 14998 | D:11     | Noticed a skeletal warrior
 15001 | D:11     | Noticed a death knight
 15001 | D:11     | Noticed a centaur warrior
 15001 | D:11     | Noticed a cyan ugly thing
 15001 | D:11     | Noticed a boulder beetle
 15143 | D:11     | Found a staircase to the Lair.
 15453 | D:11     | Noticed a centaur warrior
 15454 | D:11     | Noticed a deep troll
 15455 | D:11     | a deep troll changed into a swamp worm
 15698 | D:11     | Noticed a fire crab
 15700 | D:11     | Noticed Grum
 15729 | D:11     | Killed Grum
 15730 | D:11     | Reached skill level 12 in Spellcasting
 15733 | D:11     | Reached skill level 10 in Summonings
 15797 | Lair:1   | Entered Level 1 of the Lair of Beasts
 16146 | Lair:1   | Noticed an eight-headed hydra
 16156 | Lair:1   | Killed an eight-headed hydra
 16171 | Lair:1   | Noticed a five-headed hydra
 16180 | Lair:1   | Killed a five-headed hydra
 16288 | Lair:1   | Gained mutation: Your thick and shaggy fur keeps you warm.
                  | (AC +3, rC+) [Felid growth]
 16288 | Lair:1   | Reached XP level 12. HP: 54/54 MP: 23/29
 16329 | Lair:1   | Reached skill level 5 in Air Magic
 16909 | Lair:2   | Noticed a five-headed hydra
 16917 | Lair:2   | Killed a five-headed hydra
 16918 | Lair:2   | Reached skill level 5 in Stealth
 17026 | Lair:2   | Noticed a six-headed hydra
 17038 | Lair:2   | Killed a six-headed hydra
 17313 | D:10     | Bought the Catalogue of the Voyage for 660 gold pieces
 17321 | D:10     | Learned a level 7 spell: Malign Gateway
 17324 | D:10     | Learned a level 2 spell: Blink
 17437 | Lair:1   | Learned a level 7 spell: Monstrous Menagerie
 17729 | Lair:2   | Reached skill level 1 in Translocations
 17875 | Lair:2   | Reached skill level 13 in Spellcasting
 18129 | Lair:2   | Noticed Nergalle
 18138 | Lair:2   | Killed Nergalle
 18648 | Lair:2   | Found a staircase to the Shoals.
 19058 | D:12     | Noticed a two-headed ogre
 19324 | D:12     | Found a staircase to the Orcish Mines.
 19741 | D:12     | Killed a two-headed ogre
 20061 | D:12     | Noticed a two-headed ogre
 20085 | D:12     | Killed a two-headed ogre
 20494 | D:12     | Reached XP level 13. HP: 58/58 MP: 26/31
 21176 | D:12     | Noticed a sphinx
 21196 | D:12     | Killed a sphinx
 21197 | D:12     | Reached skill level 14 in Spellcasting
 21210 | D:12     | Noticed a war gargoyle
 21700 | D:12     | Killed from afar by a war gargoyle
 21701 | D:12     | Reached XP level 12. HP: 0/56 MP: 23/31
 21715 | Orc:1    | Entered Level 1 of the Orcish Mines
 21730 | Orc:1    | Reached skill level 10 in Hexes
 22407 | Orc:1    | Reached skill level 5 in Translocations
 22479 | Orc:1    | Got the Tome of Ice and Battle Magic
 22545 | Orc:2    | Entered Level 2 of the Orcish Mines
 22749 | Orc:2    | Mangled by a warg
 22750 | Orc:2    | Reached XP level 11. HP: -9/52 MP: 22/30
 22750 | Orc:2    | Found Xoshrac's Antique Armour Boutique.
 22752 | Orc:2    | Noticed an orc warlord
 22772 | Orc:2    | Noticed an orc knight
 22779 | Orc:2    | Noticed an orc knight
 22779 | Orc:2    | Shot with a bolt by an orc knight

Illustrated notes

Levels and vault maps discovered:
D:1:      dpeg_arrival_houses_and_road, layout_basic, wad_floor_pattern_1
D:2:      layout_basic, uniq_natasha
D:3:      minmay_razor_zed, layout_loops_corners, mainiacjoe_overflow_24_doors,
          hangedman_abyss_or_decor_stabs, minmay_misc_feat_tower,
          uniq_crazy_yiuf_cottage, uniq_sigmund, uniq_grinder
D:4:      layout_basic, minmay_temple_entry_butterflies
D:5:      layout_rooms, mainiacjoe_overflow_brackets, serial_curves,
          eino_curves_01, eino_curves_02, st_stairs_14
D:6:      layout_loops_ring, nicolae_vehumet_radiance,
          mainiacjoe_overflow_alcove_2, gammafunk_ghost_arena, st_stairs_4
D:7:      layout_rooms, chequers_serial_rivers_marsh, kennysheep_flooded_box,
          uniq_menkaure, uniq_maggie
D:8:      wander_guarded_unrand_ratskin, layout_rooms, grunt_ministairs_2
D:9:      layout_irregular_city, chequers_serial_rivers_marsh,
          nrook_pool_corridor
D:10:     layout_loops_ring, enter_bailey_8, uniq_erica, uniq_urug, uniq_sonja
D:11:     layout_irregular_city, lair_entry_dummy, minivault_12, uniq_grum
D:12:     evilmike_diamond_2, layout_loops_ring, erik_orc_1
Temple:   dpeg_five_rooms_temple
Lair:1:   layout_chaotic_city
Lair:2:   layout_cave_pods, elwin_shoals_entry_rooms, eino_house_with_fridge,
          infiniplex_staircase_pool, uniq_nergalle
Orc:1:    layout_caves, guppyfry_library_mini
Orc:2:    st_orc_rangers, layout_caves, serial_shops, shop_fountains,
          lemuel_statue_altar, bh_open_orc_temple

Skill      XL: |  1  2  3  4  5  6  7  8  9 10 11 12 13 |
---------------+----------------------------------------+-----
Spellcasting   | 3 4 5 6 7 9 10 12 13 14 | 14.2
Stealth        | 3 4 5 |  5.0
Fighting       | 1 2 3 4 5 6 7 8 |  8.5
Summonings     | 5 6 7 8 9 10 11 | 11.7
Hexes          | 2 3 4 5 6 10 9 | 10.3
Dodging        | 3 |  3.4
Air Magic      | 2 3 4 5 6 |  6.2
Translocations | 5 4 |  5.1
Unarmed Combat | |  0.6

Action                   |  1- 3 |  4- 6 |  7- 9 | 10-12 | 13-15 || total
-------------------------+-------+-------+-------+-------+-------++-------
Melee: Unarmed           |    26 |    20 |    34 |     3 |     3 ||    86
       Bite              |     4 |       |     2 |       |     1 ||     7
 Cast: Summon Small Mamm |    53 |    49 |    79 |    14 |     1 ||   196
       Call Imp          |     9 |    27 |    42 |     9 |     1 ||    88
       Call Canine Famil |       |    13 |    74 |    60 |     7 ||   154
       Summon Guardian G |       |       |    30 |    46 |     8 ||    84
       Summon Lightning  |       |       |     9 |    89 |    18 ||   116
       Summon Mana Viper |       |       |       |    80 |    31 ||   111
Invok: Call Merchant     |       |       |       |     1 |       ||     1
       Potion Petition   |       |       |       |     1 |       ||     1
  Use: Scroll            |       |       |    12 |     9 |     1 ||    22
 Stab: Sleeping          |     1 |     1 |     5 |       |       ||     7
       Distracted        |       |       |       |     1 |       ||     1
Armor: Skin              |     6 |     4 |     5 |     3 |     2 ||    20
Dodge: Dodged            |    23 |    31 |    59 |    56 |    16 ||   185

Table legend: (Time is in decaauts)
 A = Elapsed time spent in this place.
 B = Non-inter-level travel time spent in this place.
 C = Inter-level travel time spent in this place.
 D = Time resting spent in this place.
 E = Time spent auto-exploring this place.
 F = Levels seen in this place.
 G = Mean time per level.
                   A        B        C        D        E       F      G
               +--------+--------+--------+--------+--------+-----+--------+
         Total |  20219 |  19425 |    794 |   3144 |  10973 |  18 | 1123.3 |
       Dungeon |  15815 |  15228 |    587 |   2477 |   8736 |  12 | 1317.9 |
        Temple |    225 |    171 |     54 |      0 |    161 |   1 |  225.0 |
          Lair |   2737 |   2613 |    124 |    501 |   1472 |   2 | 1368.5 |
  Orcish Mines |    939 |    911 |     28 |    151 |    398 |   2 |  469.5 |
        Bailey |    501 |    501 |      0 |     15 |    204 |   1 |  501.0 |
               +--------+--------+--------+--------+--------+-----+--------+

Top non-repeatable levels by time:
     D:3: 2554 daAuts
    D:12: 2358 daAuts
     D:2: 1822 daAuts
  Lair:2: 1715 daAuts
     D:6: 1703 daAuts
    D:10: 1297 daAuts
     D:4: 1161 daAuts
  Lair:1: 1022 daAuts
     D:1: 974 daAuts
     D:9: 951 daAuts
     D:8: 914 daAuts
   Orc:1: 858 daAuts
    D:11: 760 daAuts
     D:5: 752 daAuts
     D:7: 564 daAuts
